General information
- name: BNet
- type: Ladder team game (AT/RT)
- host: Battle.net
- saver: badboy999999
map: RiverOfSouls
- players: 6
- length: 24:39
- speed: Fast
- version: 1.27 W3XP
- replay type:

» download(167 KB)
Players
team 1 (loser)
CRONOS_IV (
green | 40 APM | 990 actions | 24:36)
2 Demon Hunter
1 Evasion
1 Mana Burn
1 Priestess of the Moon
1 Trueshot Aura
1 Keeper of the Grove
1 Thorns Aura
» actions
| Assign group hotkey | 43 | |
| Build / train | 73 | |
| Enter build submenu | 26 | |
| Enter hero's abilities submenu | 4 | |
| Right click | 343 | |
| Select / deselect | 276 | |
| Select group hotkey | 193 | |
| Use ability | 32 | |
990 total
» units
| Wisp | 21 | |
| Archer | 5 | |
| Huntress | 9 | |
| Glaive Thrower | 5 | |
| Mountain Giant | 1 | |
| Druid of the Claw | 3 | |
| Dryad | 1 | |
45 total
» upgrades
| Strength of the Moon | 1 | |
| Moon Armor | 2 | |
| Strength of the Wild | 1 | |
| Reinforced Hides | 1 | |
| Improved Bows | 1 | |
| Abolish Magic | 1 | |
| Druid of the Claw Training | 2 | |
| Resistant Skin | 1 | |
| Marksmanship | 1 | |
| Hardened Skin | 1 | |
| Corrosive Breath | 1 | |
| Nature's Blessing | 1 | |
14 total
» buildings
| Altar of Elders | 1 | |
| Moon Well | 6 | |
| Ancient of War | 2 | |
| Hunter's Hall | 2 | |
| Tree of Ages | 1 | |
| Ancient of Wonders | 1 | |
| Ancient of Lore | 2 | |
| Tree of Eternity | 1 | |
| Ancient of Wind | 1 | |
| Chimaera Roost | 2 | |
19 total
» build order
00:29 Altar of Elders
00:38 Moon Well
00:59 Ancient of War
01:48 Moon Well
02:20 Ancient of War
02:59 Hunter's Hall
03:05 Hunter's Hall
04:00 Moon Well
06:47 Tree of Ages
08:09 Ancient of Wonders
08:17 Moon Well
12:08 Ancient of Lore
15:25 Tree of Eternity
15:59 Moon Well
16:13 Moon Well
16:55 Ancient of Lore
18:27 Ancient of Wind
20:03 Chimaera Roost
21:18 Chimaera Roost
» items
| Potion of Healing | 4 | |
| Orb of Venom | 1 | |
5 total
el_professore (
teal | 64 APM | 1483 actions | 23:18)
3 Far Seer
2 Feral Spirit
1 Chain Lighting
» actions
| Assign group hotkey | 43 | |
| Basic commands | 59 | |
| Build / train | 43 | |
| Enter build submenu | 17 | |
| Enter hero's abilities submenu | 3 | |
| Remove unit from queue | 2 | |
| Right click | 568 | |
| Select / deselect | 297 | |
| Select group hotkey | 399 | |
| Use ability | 52 | |
1483 total
» units
» buildings
| Altar of Storms | 1 | |
| Orc Burrow | 9 | |
| Barracks | 1 | |
| Stronghold | 1 | |
| Voodoo Lounge | 1 | |
| Beastiary | 2 | |
15 total
» build order
00:10 Altar of Storms
00:22 Orc Burrow
00:37 Barracks
01:36 Orc Burrow
03:40 Orc Burrow
04:23 Stronghold
06:25 Voodoo Lounge
07:04 Beastiary
07:09 Beastiary
07:29 Orc Burrow
08:06 Orc Burrow
10:44 Orc Burrow
13:26 Orc Burrow
14:55 Orc Burrow
19:10 Orc Burrow
» items
| Healing Salve | 2 | |
| Scroll of Town Portal | 1 | |
3 total
Professor1 (
red | 35 APM | 805 actions | 23:18)
1 Archmage
1 Summon Water Elemental
1 Mountain King
1 Storm Bolt
» actions
| Assign group hotkey | 7 | |
| Build / train | 47 | |
| Enter build submenu | 31 | |
| Enter hero's abilities submenu | 2 | |
| Remove unit from queue | 1 | |
| Right click | 412 | |
| Select / deselect | 265 | |
| Select group hotkey | 7 | |
| Use ability | 32 | |
805 total
» units
| Peasant | 11 | |
| Footman | 9 | |
| Mortar Team | 2 | |
| Gryphon Rider | 8 | |
30 total
» upgrades
| Lumber Harvesting | 2 | |
| Storm Hammers | 1 | |
| Swords | 2 | |
| Armor | 1 | |
| Gunpowder | 0 | |
6 total
» buildings
| Altar of Kings | 1 | |
| Farm | 15 | |
| Barracks | 1 | |
| Keep | 1 | |
| Scout Tower | 3 | |
| Lumber Mill | 1 | |
| Arcane Tower | 1 | |
| Guard Tower | 2 | |
| Arcane Sanctum | 1 | |
| Blacksmith | 1 | |
| Workshop | 2 | |
| Castle | 1 | |
| Gryphon Aviary | 2 | |
32 total
» build order
00:12 Altar of Kings
00:25 Farm
00:36 Barracks
01:12 Farm
01:53 Farm
02:36 Farm
04:20 Keep
04:50 Farm
04:53 Scout Tower
04:57 Lumber Mill
05:39 Arcane Tower
05:42 Scout Tower
06:14 Guard Tower
06:17 Scout Tower
07:09 Farm
07:11 Guard Tower
08:03 Arcane Sanctum
08:58 Blacksmith
10:44 Workshop
10:58 Workshop
12:29 Castle
13:41 Gryphon Aviary
14:13 Gryphon Aviary
15:59 Farm
16:04 Farm
17:19 Farm
17:21 Farm
18:58 Farm
20:19 Farm
20:20 Farm
21:16 Farm
21:31 Farm
team 2 (winner)
badboy999999 (
yellow | 112 APM | 2758 actions | 24:39)
5 Blademaster
2 Wind Walk
3 Critical Strike
» actions
| Assign group hotkey | 12 | |
| Basic commands | 8 | |
| Build / train | 57 | |
| Enter build submenu | 54 | |
| Enter hero's abilities submenu | 5 | |
| Give item / drop item | 2 | |
| Right click | 1817 | |
| Select / deselect | 222 | |
| Select group hotkey | 430 | |
| Use ability | 151 | |
2758 total
» units
» upgrades
| Liquid Fire | 1 | |
| Ranged Weapons | 1 | |
2 total
» buildings
| Altar of Storms | 1 | |
| Orc Burrow | 4 | |
| War Mill | 1 | |
| Watch Tower | 36 | |
| Voodoo Lounge | 2 | |
| Stronghold | 5 | |
| Beastiary | 2 | |
| Fortress | 1 | |
52 total
» build order
00:11 Altar of Storms
00:25 Orc Burrow
00:41 War Mill
01:55 Watch Tower
01:57 Watch Tower
02:32 Voodoo Lounge
02:39 Watch Tower
02:42 Watch Tower
03:03 Watch Tower
03:45 Watch Tower
04:07 Voodoo Lounge
04:13 Watch Tower
04:18 Watch Tower
04:36 Stronghold
04:36 Stronghold
04:36 Stronghold
04:37 Stronghold
04:41 Watch Tower
04:48 Watch Tower
05:13 Orc Burrow
05:26 Watch Tower
05:36 Watch Tower
06:02 Orc Burrow
06:39 Watch Tower
06:41 Watch Tower
06:43 Watch Tower
06:55 Watch Tower
07:07 Watch Tower
07:10 Beastiary
07:57 Watch Tower
08:02 Watch Tower
08:02 Watch Tower
08:04 Watch Tower
08:07 Fortress
08:45 Beastiary
08:58 Watch Tower
09:00 Watch Tower
10:35 Watch Tower
10:36 Watch Tower
10:42 Watch Tower
11:51 Watch Tower
12:03 Watch Tower
12:07 Watch Tower
12:10 Watch Tower
12:10 Watch Tower
12:56 Watch Tower
13:02 Watch Tower
13:03 Watch Tower
13:31 Watch Tower
14:09 Orc Burrow
15:03 Watch Tower
» items
| Boots of Speed | 1 | |
| Staff of Teleportation | 1 | |
| Healing Salve | 2 | |
| Lesser Clarity Potion | 4 | |
| Orb of Lightning | 1 | |
9 total
dontLetMePlayHU (
pink | 97 APM | 2376 actions | 24:37)
4 Keeper of the Grove
2 Entangling Roots
2 Thorns Aura
3 Pit Lord
2 Rain of Fire
1 Cleaving Attack
» actions
| Assign group hotkey | 125 | |
| Basic commands | 16 | |
| Build / train | 73 | |
| ESC pressed | 3 | |
| Enter build submenu | 23 | |
| Enter hero's abilities submenu | 7 | |
| Give item / drop item | 1 | |
| Right click | 1370 | |
| Select / deselect | 381 | |
| Select group hotkey | 262 | |
| Use ability | 115 | |
2376 total
» units
» upgrades
» buildings
| Altar of Elders | 1 | |
| Moon Well | 13 | |
| Tree of Life | 2 | |
| Tree of Ages | 4 | |
| Hunter's Hall | 1 | |
| Tree of Eternity | 1 | |
| Ancient of Wonders | 1 | |
23 total
» build order
00:06 Altar of Elders
00:06 Moon Well
01:44 Moon Well
03:07 Tree of Life
05:01 Tree of Ages
05:01 Tree of Ages
05:01 Tree of Ages
05:32 Tree of Life
06:22 Hunter's Hall
10:10 Moon Well
10:11 Moon Well
10:12 Moon Well
10:13 Moon Well
10:16 Tree of Eternity
11:52 Ancient of Wonders
12:57 Moon Well
12:58 Moon Well
13:02 Moon Well
21:49 Moon Well
21:50 Moon Well
21:51 Moon Well
21:53 Moon Well
» items
| Healing Salve | 1 | |
| Lesser Clarity Potion | 1 | |
| Boots of Speed | 2 | |
| Staff of Teleportation | 2 | |
| Orb of Venom | 1 | |
| Staff of Preservation | 2 | |
| Orb of Lightning | 1 | |
| Circlet of Nobility | 1 | |
| Periapt of Vitality | 1 | |
12 total
WigcraftYr2016 (
orange | 136 APM | 3360 actions | 24:37)
4 Archmage
2 Blizzard
2 Brilliance Aura
3 Mountain King
2 Storm Bolt
1 Bash
4 Paladin
3 Holy Light
1 Divine Shield
» actions
| Assign group hotkey | 11 | |
| Basic commands | 77 | |
| Build / train | 105 | |
| ESC pressed | 1 | |
| Enter build submenu | 65 | |
| Enter hero's abilities submenu | 12 | |
| Give item / drop item | 8 | |
| Right click | 1207 | |
| Select / deselect | 231 | |
| Select group hotkey | 1438 | |
| Use ability | 205 | |
3360 total
» units
| Peasant | 13 | |
| Sorceress | 1 | |
| Priest | 1 | |
15 total
» upgrades
| Masonry | 3 | |
| Magic Sentry | 1 | |
| Sorceress Training | 2 | |
| Priest Training | 2 | |
| Control Magic | 1 | |
9 total
» buildings
| Lumber Mill | 1 | |
| Altar of Kings | 1 | |
| Farm | 5 | |
| Scout Tower | 81 | |
| Arcane Tower | 9 | |
| Guard Tower | 30 | |
| Keep | 1 | |
| Castle | 2 | |
| Arcane Sanctum | 1 | |
| Arcane Vault | 1 | |
132 total
» build order
00:12 Lumber Mill
00:32 Altar of Kings
00:34 Farm
01:20 Scout Tower
01:40 Scout Tower
01:44 Farm
01:49 Arcane Tower
01:50 Scout Tower
01:56 Scout Tower
02:06 Scout Tower
02:08 Scout Tower
02:10 Arcane Tower
02:23 Guard Tower
02:23 Guard Tower
02:23 Guard Tower
02:43 Guard Tower
02:45 Scout Tower
02:47 Scout Tower
03:24 Guard Tower
03:25 Scout Tower
03:26 Scout Tower
03:29 Keep
03:32 Guard Tower
03:34 Scout Tower
03:35 Scout Tower
03:57 Guard Tower
04:14 Guard Tower
04:26 Guard Tower
04:27 Scout Tower
04:28 Scout Tower
04:32 Guard Tower
04:33 Scout Tower
04:35 Scout Tower
04:36 Scout Tower
04:37 Scout Tower
05:12 Guard Tower
05:23 Guard Tower
05:26 Scout Tower
05:26 Scout Tower
05:28 Scout Tower
05:30 Scout Tower
05:31 Scout Tower
05:31 Scout Tower
05:32 Scout Tower
05:34 Scout Tower
05:35 Scout Tower
05:35 Scout Tower
05:35 Scout Tower
05:58 Castle
06:23 Guard Tower
06:49 Guard Tower
06:50 Scout Tower
06:51 Scout Tower
06:57 Arcane Sanctum
07:00 Guard Tower
07:02 Farm
07:04 Farm
07:45 Guard Tower
07:49 Arcane Vault
07:51 Scout Tower
07:51 Scout Tower
07:52 Scout Tower
08:16 Scout Tower
08:16 Scout Tower
08:17 Scout Tower
08:18 Scout Tower
08:55 Guard Tower
09:03 Scout Tower
09:05 Scout Tower
09:08 Scout Tower
09:09 Scout Tower
10:12 Guard Tower
10:15 Scout Tower
10:16 Scout Tower
10:17 Scout Tower
10:18 Scout Tower
10:18 Scout Tower
10:19 Scout Tower
10:19 Scout Tower
10:28 Guard Tower
10:30 Scout Tower
10:30 Scout Tower
10:31 Scout Tower
12:06 Arcane Tower
12:09 Guard Tower
12:11 Scout Tower
12:13 Scout Tower
12:25 Guard Tower
12:28 Scout Tower
12:29 Scout Tower
12:30 Scout Tower
12:30 Scout Tower
12:31 Scout Tower
12:34 Arcane Tower
12:36 Scout Tower
12:36 Scout Tower
12:37 Scout Tower
13:05 Arcane Tower
13:09 Arcane Tower
13:12 Scout Tower
13:13 Scout Tower
13:14 Scout Tower
13:59 Arcane Tower
14:03 Scout Tower
14:03 Scout Tower
14:04 Scout Tower
14:04 Scout Tower
14:28 Guard Tower
14:33 Guard Tower
14:44 Guard Tower
14:56 Scout Tower
14:57 Scout Tower
14:57 Scout Tower
15:35 Scout Tower
15:38 Scout Tower
15:38 Scout Tower
16:05 Arcane Tower
16:10 Scout Tower
16:10 Scout Tower
16:11 Scout Tower
16:22 Guard Tower
17:01 Guard Tower
17:29 Guard Tower
17:32 Scout Tower
17:33 Scout Tower
17:34 Scout Tower
18:06 Guard Tower
19:25 Guard Tower
24:28 Farm
» items
| Staff of Teleportation | 3 | |
| Boots of Speed | 3 | |
| Healing Salve | 1 | |
| Lesser Clarity Potion | 1 | |
| Orb of Lightning | 3 | |
| Staff of Sanctuary | 6 | |
| Periapt of Vitality | 1 | |
18 total
Chat log
(00:00 / All) dontLetMePlayHU: hey
(00:01 / All) WigcraftYr2016: his poop. it's too big for his butt
(00:22 / All) WigcraftYr2016: thanks for waiting for my friend's large poop
(00:32 / All) badboy999999: sory im back
(00:51 / All) WigcraftYr2016: my friend has big poops. he eats too muchc heese when we search
(00:54 / All) WigcraftYr2016: we tell him not to
(01:01 / All) WigcraftYr2016: m
(01:04 / All) WigcraftYr2016: what's your favorite cheese
(09:22 / All) badboy999999: NOOB
(10:25 / All) badboy999999: noobs?
(11:55 / All) badboy999999: stay on your side
(11:58 / All) badboy999999: and we'll be friendly
(12:49 / All) badboy999999: why lore????
(12:52 / All) badboy999999: NOOOB????
(15:10 / All) badboy999999: from??
(16:37 / All) WigcraftYr2016: Hello
(16:40 / All) WigcraftYr2016: what ur fave cheese
(18:47 / All) badboy999999: what's hte plan badboys??
(23:19 / All) badboy999999: noooooobs
(23:48 / All) badboy999999: baaaaaaad booooys of wig